 Dungeon Crawl Stone Soup version 0.22.1-2-g9c5b331 (webtiles) character file.

732 Harpaggios the Vexing (level 7, -17/35 HPs)
             Began as a Vine Stalker Enchanter on Dec 31, 2018.
             Was a Follower of Okawaru.
             Demolished by Menkaure (20 damage)
             ... on level 4 of the Dungeon.
             The game lasted 00:36:14 (4961 turns).

Harpaggios the Vexing (Vine Stalker Enchanter)      Turns: 4961, Time: 00:36:15

Health: -17/35     AC:  2    Str: 11    XL:     7   Next: 73%
Magic:  0/11       EV: 15    Int: 15    God:    Okawaru [*.....]
Gold:   235        SH:  0    Dex: 16    Spells: 4/10 levels left

rFire    . . .     SeeInvis .   a - +1 dagger
rCold    . . .     Gourm    .   (no shield)
rNeg     . . .     Faith    .   b - +0 robe
rPois    .         Spirit   +   (no helmet)
rElec    .         Reflect  .   (no cloak)
rCorr    .         Harm     .   (no gloves)
MR       .....                  (no boots)
Stlth    +++.......             (no amulet)
HPRegen  0.51/turn              n - +3 ring of evasion
MPRegen  0.12/turn              c - ring of wizardry

@: heavily drained
A: fangs 2, regeneration 1, magic shield, antimagic bite, no potion heal 3, rot
immunity
a: Heroism, Renounce Religion


You were on level 4 of the Dungeon.
You worshipped Okawaru.
Okawaru was aware of your devotion.
You were hungry.

You visited 1 branch of the dungeon, and saw 4 of its levels.

You collected 235 gold pieces.

Inventory:

Hand Weapons
 a - a +1 dagger (weapon)
Armour
 b - a +0 robe (worn)
 h - a +0 ring mail of fire resistance
Jewellery
 c - a ring of wizardry (right hand)
 g - an uncursed amulet of harm
 m - an uncursed ring of protection from cold
 n - a +3 ring of evasion (left hand)
Wands
 f - a wand of clouds (3)
Scrolls
 l - 2 scrolls of remove curse
 q - a scroll of teleportation
Potions
 j - 4 potions of cancellation
Comestibles
 d - 4 rations
 i - 3 chunks of flesh


   Skills:
 * Level 2.7(1.1) Fighting
 + Level 3.0(1.3) Short Blades
 + Level 3.1(1.5) Dodging
 + Level 5.6(3.8) Stealth
 - Level 2.1(0.5) Spellcasting
 * Level 5.6(3.8) Hexes


You had 4 spell levels left.
You knew the following spells:

 Your Spells              Type           Power        Failure   Level  Hunger
a - Corona                Hex            ##.....      2%          1    ##.....
b - Ensorcelled Hibernat  Hex/Ice        #.....       7%          2    ###....
c - Tukima's Dance        Hex            ##......     6%          3    ####...

Your spell library contained the following spells:

 Spells                   Type           Power        Failure   Level  Hunger
 Confuse                  Hex            ##......     6%          3    ####...
 Dazzling Spray           Conj/Hex       #.....       14%         3    ####...


Dungeon Overview and Level Annotations

Branches:
Dungeon (4/15)
 Temple: D:4-7

Altars:
Okawaru
Trog
Xom

Annotations:
D:4 2 transporters, Menkaure; diana's ghost, amateur DsAs


Innate Abilities, Weirdness & Mutations

You have extremely sharp teeth.
Your natural rate of healing is unusually fast.
When hurt, damage is shared between your health and your magic reserves.
Your bite disrupts and absorbs the magic of your enemies.
Potions cannot restore your health.
You are immune to rotting.


Message History

Found 6 gold pieces.
Menkaure grins.
Menkaure calls on the powers of darkness!
Your body is wracked with pain!
You hit Menkaure.
Menkaure is lightly damaged.
Menkaure hits you!!
* * * LOW HITPOINT WARNING * * *
You barely miss Menkaure.
Menkaure is lightly damaged.
Menkaure barely misses you.
You hit Menkaure but do no damage.
Menkaure is lightly damaged.
Menkaure points at you and mumbles some strange words.
Pain shoots through your body!
* * * LOW HITPOINT WARNING * * *
Menkaure barely misses you. Menkaure closely misses you. Menkaure hits you!!
Ouch! That really hurt!
You die...

.# #...$...## ...
##....(...## ..#
#..........# .##
#..........# .#
#..........# .#########
#..........#
.........####..........#
.#...........#........#
.##.............@.....##
.................M.....#
# #....................#
###....................#
..#....................#
.......................#
.##.............<.....##
.########..##........##
## ##.##.########


You could see Menkaure.

Vanquished Creatures
  A phantom (D:3)
  The ghost of Barsley the Ruffian, an amateur DrTm of Ru (D:3)
  A hound (D:4)
  An orc priest (D:3)
  8 orc wizards
  3 worker ants (D:4)
  7 adders
  An ooze (D:3)
  2 worms (D:2)
  3 dart slugs
  2 leopard geckos (D:2)
  24 orcs
  A ball python (D:2)
  10 giant cockroaches (D:3)
  6 goblins
  7 hobgoblins
  2 jackals (D:4)
  3 quokkas
  8 bats
  5 frilled lizards
  8 kobolds
  6 rats
110 creatures vanquished.

Vanquished Creatures (others)
  5 dream sheep (D:3)
5 creatures vanquished.

Grand Total: 115 creatures vanquished

Notes
Turn   | Place    | Note
-------+----------+-------------------------------------------
     0 | D:1      | Harpaggios the Vine Stalker Enchanter began the quest for
                  | the Orb.
     0 | D:1      | Reached XP level 1. HP: 9/9 MP: 4/4
   155 | D:1      | Reached skill level 1 in Short Blades
   250 | D:1      | Reached XP level 2. HP: 13/13 MP: 6/6
  1287 | D:2      | Reached XP level 3. HP: 16/16 MP: 5/7
  1294 | D:2      | Learned a level 2 spell: Ensorcelled Hibernation
  1298 | D:2      | Learned a level 3 spell: Tukima's Dance
  1956 | D:2      | Gained mutation: Your natural rate of healing is unusually
                  | fast. [Vine Stalker growth]
  1956 | D:2      | Reached XP level 4. HP: 21/21 MP: 8/8
  1972 | D:2      | Found an iron altar of Okawaru.
  2144 | D:2      | Found a faded altar of an unknown god.
  2583 | D:2      | Became a worshipper of Warmaster Okawaru
  2669 | D:3      | Reached XP level 5. HP: 24/24 MP: 9/9
  2874 | D:3      | Noticed a phantom
  2971 | D:3      | Killed a phantom
  2971 | D:3      | Reached skill level 1 in Fighting
  2971 | D:3      | Reached skill level 5 in Stealth
  2971 | D:3      | Reached XP level 6. HP: 21/30 MP: 8/10
  3339 | D:3      | Reached * piety under Okawaru
  3344 | D:3      | HP: 1/30 [orc priest (3)]
  3351 | D:3      | HP: 1/30 [orc priest (3)]
  3354 | D:3      | Reached skill level 5 in Hexes
  3447 | D:3      | Found a runed door.
  3729 | D:3      | Found a shimmering altar of Xom.
  3729 | D:3      | Noticed a dream sheep
  3729 | D:3      | Noticed a dream sheep
  3729 | D:3      | Noticed a dream sheep
  3729 | D:3      | Noticed a dream sheep
  3729 | D:3      | Noticed a dream sheep
  3735 | D:3      | Killed a dream sheep
  3735 | D:3      | Killed a dream sheep
  3735 | D:3      | Killed a dream sheep
  3735 | D:3      | Killed a dream sheep
  3737 | D:3      | Killed a dream sheep
  3906 | D:3      | Reached XP level 7. HP: 17/34 MP: 7/11
  4016 | D:3      | Noticed Barsley's ghost (amateur DrTm)
  4058 | D:3      | HP: 1/34 [Barsley's ghost (4)]
  4215 | D:3      | Killed Barsley's ghost
  4406 | D:4      | Found a bloodstained altar of Trog.
  4477 | D:4      | Found a transporter.
  4527 | D:4      | Noticed diana's ghost (amateur DsAs)
  4538 | D:4      | Found a transporter.
  4558 | D:4      | Noticed Menkaure
  4958 | D:4      | HP: 1/35 [Menkaure/nerve-wracking pain (9)]
  4961 | D:4      | Demolished by Menkaure

Skill      XL: |  1  2  3  4  5  6  7 |
---------------+----------------------+-----
Short Blades   | 1 2 3 |  3.0
Stealth        | 4 5 |  5.6
Dodging        | 2 3 |  3.1
Hexes          | 4 5 |  5.6
Fighting       | 1 2 |  2.7
Spellcasting   | |  2.1

Action                   |  1- 3 |  4- 6 |  7- 9 || total
-------------------------+-------+-------+-------++-------
Melee: Dagger            |    85 |   280 |   255 ||   620
       Bite              |    20 |    71 |    69 ||   160
 Cast: Corona            |     1 |    16 |     3 ||    20
       Ensorcelled Hiber |     1 |     5 |     1 ||     7
Invok: Heroism           |       |       |     1 ||     1
  Use: Scroll            |     2 |     2 |     2 ||     6
       Potion            |       |     8 |     1 ||     9
 Stab: Sleeping          |     8 |     7 |     2 ||    17
  Eat: Chunk             |     3 |     8 |     3 ||    14
Armor: Robe              |     6 |    22 |    10 ||    38
Dodge: Dodged            |    43 |   158 |   150 ||   351
